SL
THUNDER BAY NORTHERN LIONS BC @ FT. WORTH CATTLEMEN
08/16/2041
 
TOP OF THE 1ST
Thunder Bay Northern Lions BC batting - Pitching for Ft. Worth Cattlemen : LHP Allen Werner
Pitching: LHP Allen Werner
Batting: RHB Charles Josse 0-0: Called Strike
0-1: Ball
1-1: Foul Ball, location: 2F
1-2: Fly out, F9 (Flyball, 9LD, EV 83.8 MPH)
Batting: LHB Yao-pang Chiang 0-0: Ball
1-0: Called Strike
1-1: Called Strike
1-2: Ball
2-2: Strikes out looking
Batting: LHB Keaton Kringlen 0-0: Called Strike
0-1: DOUBLE (Line Drive, 9LS, EV 111.9 MPH)
Batting: RHB Domingo Altamirańo 0-0: Called Strike
0-1: Ground out 4-3 (Groundball, 4, EV 84.4 MPH)
Top of the 1st over - 0 runs, 1 hit, 0 errors, 1 left on base; Thunder Bay 0 - Ft. Worth 0
BOTTOM OF THE 1ST
Ft. Worth Cattlemen batting - Pitching for Thunder Bay Northern Lions BC : RHP Jean-Marie Beck
Pitching: RHP Jean-Marie Beck
Batting: RHB Dennis Wacher 0-0: Fly out, F8 (Flyball, 89D, EV 91.2 MPH)
Batting: LHB Semo Hoaloha 0-0: Ball
1-0: Called Strike
1-1: Ball
2-1: Foul Ball, location: 2F
2-2: Foul Ball, location: 2F
2-2: Hit by Pitch
Batting: LHB Craig Woods 0-0: Called Strike
0-1: Ball
1-1: Ball
2-1: Foul Ball, location: 2F
2-2: Foul Ball, location: 2F
2-2: SINGLE (Line Drive, 34D, EV 103.1 MPH)
Semo Hoaloha to second
Batting: SHB Kolby Hay 0-0: Called Strike
0-1: Fielders Choice at 2nd, 4-6 (Groundball, 4M, EV 82.5 MPH)
Semo Hoaloha to third
Batting: RHB Derek Bangert 0-0: Ball
1-0: Foul Ball, location: 2F
1-1: 3-RUN HOME RUN (Flyball, 9D, EV 99.4 MPH), Distance : 376 ft
Batting: LHB Count Dante 0-0: DOUBLE (Line Drive, 7LM, EV 101.9 MPH)
Batting: RHB Tsuneari Hirano 0-0: Foul Ball, location: 2F
0-1: Ground out 6-3 (Groundball, 6S, EV 79.4 MPH)
Bottom of the 1st over - 3 runs, 3 hits, 0 errors, 1 left on base; Thunder Bay 0 - Ft. Worth 3
TOP OF THE 2ND
Thunder Bay Northern Lions BC batting - Pitching for Ft. Worth Cattlemen : LHP Allen Werner
Batting: LHB Ramón Padilla 0-0: Ball
1-0: Ball
2-0: Ball
3-0: Base on Balls
Batting: RHB Dragoljub Kandic 0-0: Called Strike
0-1: Foul Ball, location: 2F
0-2: Ball
1-2: SINGLE (Groundball, 56D, EV 98.1 MPH)
Ramón Padilla to second
Batting: RHB Griffin Woodfinlevine 0-0: Foul Ball, location: 2F
0-1: Foul Ball, location: 2F
0-2: Ball
1-2: Ball
2-2: Ball
3-2: Base on Balls
Ramón Padilla to third
Dragoljub Kandic to second
Batting: SHB Takeshi Kovacs 0-0: Called Strike
0-1: Ball
1-1: Ball
2-1: Fly out, F1 (Popup, P, EV 87.5 MPH)
Batting: LHB Sébastien Cornu 0-0: Called Strike
0-1: SINGLE (Line Drive, 7S, EV 90.6 MPH)
Ramón Padilla scores
Dragoljub Kandic to third
Griffin Woodfinlevine to second
Batting: RHB Charles Josse 0-0: Called Strike
0-1: Ball
1-1: Ball
2-1: Foul Ball, location: 2F
2-2: Foul Ball, location: 2F
2-2: Foul Ball, location: 2F
2-2: DOUBLE (Groundball, 5L, EV 96.9 MPH)
Dragoljub Kandic scores
Griffin Woodfinlevine scores
Sébastien Cornu to third
Runner from 3rd tries for Home, SAFE, no throw by LF
Batting: LHB Yao-pang Chiang 0-0: Called Strike
0-1: Ball
1-1: Called Strike
1-2: Foul Ball, location: 2F
1-2: Fly out, F6 (Popup, 6S, EV 68.1 MPH)
Batting: LHB Keaton Kringlen 0-0: Called Strike
0-1: Ball
1-1: Foul Ball, location: 2F
1-2: Ball
2-2: Ball
3-2: Fly out, F6 (Popup, 6MD, EV 48.8 MPH)
Top of the 2nd over - 4 runs, 3 hits, 0 errors, 1 left on base; Thunder Bay 4 - Ft. Worth 3
BOTTOM OF THE 2ND
Ft. Worth Cattlemen batting - Pitching for Thunder Bay Northern Lions BC : RHP Jean-Marie Beck
Batting: RHB Min-gook Ch'oe 0-0: Ball
1-0: Called Strike
1-1: Ball
2-1: Ball
3-1: Ground out 6-3 (Groundball, 6, EV 92.5 MPH)
Batting: RHB Jesús Torres 0-0: Called Strike
0-1: Ball
1-1: Ball
2-1: SINGLE (Groundball, 6MD, EV 106.2 MPH)
Batting: RHB Dennis Wacher 0-0: Ball
Jesús Torres steals 2nd base
1-0: Ball
2-0: Ball
Wild Pitch!
Jesús Torres to third
3-0: Called Strike
3-1: Foul Ball, location: 2F
3-2: Ground out 5-3 (Groundball, 56S, EV 61.2 MPH)
Jesús Torres scores
Batting: LHB Semo Hoaloha 0-0: Ball
1-0: Called Strike
1-1: Ball
2-1: Foul Ball, location: 2F
2-2: Ground out U3 (Groundball, 3L, EV 101.2 MPH)
Bottom of the 2nd over - 1 run, 1 hit, 0 errors, 0 left on base; Thunder Bay 4 - Ft. Worth 4
TOP OF THE 3RD
Thunder Bay Northern Lions BC batting - Pitching for Ft. Worth Cattlemen : LHP Allen Werner
Batting: RHB Domingo Altamirańo 0-0: Ball
1-0: Foul Ball, location: 2F
1-1: Ball
2-1: Ball
3-1: Base on Balls
Batting: LHB Ramón Padilla 0-0: Called Strike
0-1: Ball
1-1: Ball
2-1: Ball
3-1: Foul Ball, location: 2F
3-2: Fly out, F9 (Flyball, 9S, EV 92.5 MPH)
Batting: RHB Dragoljub Kandic 0-0: Fly out, F8 (Line Drive, 8LM, EV 103.1 MPH)
Batting: RHB Griffin Woodfinlevine 0-0: Called Strike
Domingo Altamirańo steals 2nd base
0-1: Ball
1-1: Fly out, F9 (Flyball, 9, EV 99.4 MPH)
Top of the 3rd over - 0 runs, 0 hits, 0 errors, 1 left on base; Thunder Bay 4 - Ft. Worth 4
BOTTOM OF THE 3RD
Ft. Worth Cattlemen batting - Pitching for Thunder Bay Northern Lions BC : RHP Jean-Marie Beck
Batting: LHB Craig Woods 0-0: Reached on error, E1 (Groundball, 13S, EV 70.0 MPH)
Batting: SHB Kolby Hay 0-0: Ball
1-0: Called Strike
1-1: Ball
2-1: Ball
3-1: Swinging Strike
3-2: Strikes out swinging
Batting: RHB Derek Bangert 0-0: Called Strike
0-1: Foul Ball, location: 2F
0-2: Foul Ball, location: 2F
0-2: Ball
1-2: Fly out, F8 (Line Drive, 8LM, EV 91.2 MPH)
Batting: LHB Count Dante 0-0: Foul Ball, location: 2F
0-1: Foul Ball, location: 2F
0-2: Ball
1-2: Ball
2-2: Ground out 5-3 (Groundball, 56, EV 101.2 MPH)
Bottom of the 3rd over - 0 runs, 0 hits, 1 error, 1 left on base; Thunder Bay 4 - Ft. Worth 4
TOP OF THE 4TH
Thunder Bay Northern Lions BC batting - Pitching for Ft. Worth Cattlemen : LHP Allen Werner
Batting: SHB Takeshi Kovacs 0-0: Foul Ball, location: 2F
0-1: Called Strike
0-2: Fly out, F4 (Line Drive, 4, EV 65.0 MPH)
Batting: LHB Sébastien Cornu 0-0: Swinging Strike
0-1: Ball
1-1: Foul Ball, location: 2F
1-2: Strikes out swinging
Batting: RHB Charles Josse 0-0: Ball
1-0: Swinging Strike
1-1: Ground out U3 (Groundball, 34S, EV 83.8 MPH)
Top of the 4th over - 0 runs, 0 hits, 0 errors, 0 left on base; Thunder Bay 4 - Ft. Worth 4
BOTTOM OF THE 4TH
Ft. Worth Cattlemen batting - Pitching for Thunder Bay Northern Lions BC : RHP Jean-Marie Beck
Batting: RHB Tsuneari Hirano 0-0: Ball
1-0: Fly out, F7 (Line Drive, 7D, EV 95.6 MPH)
Batting: RHB Min-gook Ch'oe 0-0: Foul Ball, location: 2F
0-1: Ball
1-1: Ball
2-1: Swinging Strike
2-2: Ball
3-2: SOLO HOME RUN (Flyball, 9D, EV 101.9 MPH), Distance : 387 ft
Batting: RHB Jesús Torres 0-0: Called Strike
0-1: Ball
1-1: Ground out 5-3 (Groundball, 5L, EV 80.0 MPH)
Batting: RHB Dennis Wacher 0-0: Ball
1-0: Ground out 5-3 (Groundball, 5L, EV 106.9 MPH)
Bottom of the 4th over - 1 run, 1 hit, 0 errors, 0 left on base; Thunder Bay 4 - Ft. Worth 5
TOP OF THE 5TH
Thunder Bay Northern Lions BC batting - Pitching for Ft. Worth Cattlemen : LHP Allen Werner
Batting: LHB Yao-pang Chiang 0-0: Called Strike
0-1: Called Strike
0-2: Ball
1-2: Ball
2-2: Fly out, F9 (Line Drive, 9D, EV 91.2 MPH)
Batting: LHB Keaton Kringlen 0-0: SINGLE (Groundball, 34D, EV 109.4 MPH)
Batting: RHB Domingo Altamirańo 0-0: Called Strike
0-1: Ball
1-1: Swinging Strike
1-2: Ball
2-2: Foul Ball, location: 2F
2-2: Foul Ball, location: 2F
2-2: Strikes out swinging
Pitching: RHP Tom Scots
Batting: LHB Ramón Padilla 0-0: Fly out, F9 (Flyball, 9LSF, EV 96.2 MPH)
Top of the 5th over - 0 runs, 1 hit, 0 errors, 1 left on base; Thunder Bay 4 - Ft. Worth 5
BOTTOM OF THE 5TH
Ft. Worth Cattlemen batting - Pitching for Thunder Bay Northern Lions BC : RHP Jean-Marie Beck
Batting: LHB Semo Hoaloha 0-0: Called Strike
0-1: Swinging Strike
0-2: Ball
1-2: Ball
2-2: Strikes out swinging
Pitching: RHP Marnix van Rijn
Batting: LHB Craig Woods 0-0: Foul Ball, location: 2F
0-1: Ball
1-1: Foul Ball, location: 2F
1-2: Ball
2-2: Ball
3-2: Foul Ball, location: 2F
3-2: SOLO HOME RUN (Flyball, 9LD, EV 94.4 MPH), Distance : 337 ft
Batting: SHB Kolby Hay 0-0: Called Strike
0-1: Called Strike
0-2: Ball
1-2: Ground out 4-3 (Groundball, 4D, EV 106.9 MPH)
Batting: RHB Derek Bangert 0-0: Ball
1-0: Ball
2-0: Swinging Strike
2-1: Ball
3-1: Ground out 1-3 (Groundball, 13S, EV 69.4 MPH)
Bottom of the 5th over - 1 run, 1 hit, 0 errors, 0 left on base; Thunder Bay 4 - Ft. Worth 6
TOP OF THE 6TH
Thunder Bay Northern Lions BC batting - Pitching for Ft. Worth Cattlemen : RHP Tom Scots
Batting: RHB Dragoljub Kandic 0-0: Ball
1-0: Ground out 6-3 (Groundball, 6S, EV 72.5 MPH)
Batting: RHB Griffin Woodfinlevine 0-0: Swinging Strike
0-1: Foul Ball, location: 2F
0-2: Ball
1-2: SINGLE (Groundball, 6MD, EV 106.2 MPH)
Batting: SHB Takeshi Kovacs 0-0: Foul Ball, location: 2F
0-1: Swinging Strike
0-2: Fielders Choice at 2nd, 1-4 (Groundball, 15S, EV 70.0 MPH)
Batting: LHB Sébastien Cornu 0-0: Ball
Takeshi Kovacs is caught stealing 2nd base 2-6
Top of the 6th over - 0 runs, 1 hit, 0 errors, 0 left on base; Thunder Bay 4 - Ft. Worth 6
BOTTOM OF THE 6TH
Ft. Worth Cattlemen batting - Pitching for Thunder Bay Northern Lions BC : RHP Marnix van Rijn
Batting: LHB Count Dante 0-0: Called Strike
0-1: Ball
1-1: Ball
2-1: Foul Ball, location: 2F
2-2: Ball
3-2: Foul Ball, location: 2F
3-2: Ground out 5-3 (Groundball, 5, EV 81.9 MPH)
Batting: RHB Tsuneari Hirano 0-0: Ball
1-0: Called Strike
1-1: Hit by Pitch
Batting: RHB Min-gook Ch'oe 0-0: Ball
1-0: Ball
2-0: Fly out, F9 (Flyball, 9LM, EV 81.9 MPH)
Batting: RHB Jesús Torres 0-0: Called Strike
0-1: Foul Ball, location: 2F
0-2: Strikes out looking
Bottom of the 6th over - 0 runs, 0 hits, 0 errors, 1 left on base; Thunder Bay 4 - Ft. Worth 6
TOP OF THE 7TH
Thunder Bay Northern Lions BC batting - Pitching for Ft. Worth Cattlemen : RHP Tom Scots
Batting: LHB Sébastien Cornu 0-0: Called Strike
0-1: Ball
1-1: Foul Ball, location: 2F
1-2: SOLO HOME RUN (Flyball, 9D, EV 94.4 MPH), Distance : 380 ft
Batting: RHB Charles Josse 0-0: Called Strike
0-1: Ball
1-1: Ball
2-1: Foul Ball, location: 2F
2-2: Ball
3-2: SINGLE (Groundball, 34D, EV 101.2 MPH)
Batting: LHB Yao-pang Chiang 0-0: Ball
1-0: Ball
2-0: Ball
3-0: Called Strike
3-1: Called Strike
3-2: Base on Balls
Charles Josse to second
Batting: LHB Keaton Kringlen 0-0: Ball
1-0: Grounds into double play, 4-6-3 (Groundball, 4, EV 103.8 MPH)
Charles Josse to third
Batting: RHB Domingo Altamirańo 0-0: Ball
1-0: DOUBLE (Line Drive, 89D, EV 107.5 MPH)
Charles Josse scores
Pinch Runner at 2nd Jeremy Pollock:
Batting: LHB Ramón Padilla 0-0: Called Strike
0-1: Ball
1-1: Foul Ball, location: 2F
1-2: Foul Ball, location: 2F
1-2: Fly out, F9 (Flyball, 9LSF, EV 85.6 MPH)
Top of the 7th over - 2 runs, 3 hits, 0 errors, 1 left on base; Thunder Bay 6 - Ft. Worth 6
BOTTOM OF THE 7TH
Ft. Worth Cattlemen batting - Pitching for Thunder Bay Northern Lions BC : RHP Marnix van Rijn
Now at 2B: Curf Pierstisnips
Batting: RHB Dennis Wacher 0-0: Ball
1-0: Foul Ball, location: 2F
1-1: DOUBLE (Line Drive, 89D, EV 113.1 MPH)
Batting: LHB Semo Hoaloha 0-0: Called Strike
0-1: Called Strike
0-2: Ground out 6-3 (Groundball, 6, EV 86.9 MPH)
Batting: LHB Craig Woods 0-0: Intentional Walk
Batting: SHB Kolby Hay 0-0: Ball
1-0: Ball
2-0: Swinging Strike
2-1: Foul Ball, location: 2F
2-2: Strikes out looking
Batting: RHB Derek Bangert 0-0: Called Strike
0-1: Foul Ball, location: 2F
0-2: Ball
1-2: Foul Ball, location: 2F
1-2: Strikes out swinging
Bottom of the 7th over - 0 runs, 1 hit, 0 errors, 2 left on base; Thunder Bay 6 - Ft. Worth 6
TOP OF THE 8TH
Thunder Bay Northern Lions BC batting - Pitching for Ft. Worth Cattlemen : RHP Tom Scots
Batting: RHB Dragoljub Kandic 0-0: SINGLE (Groundball, 56D, EV 98.8 MPH)
Batting: RHB Griffin Woodfinlevine 0-0: Bunted foul
0-1: Ball
1-1: Ball
2-1: Bunted foul
2-2: Ball
3-2: Foul Ball, location: 2F
3-2: Strikes out looking
Batting: SHB Takeshi Kovacs 0-0: Ball
1-0: Called Strike
1-1: Swinging Strike
1-2: Ball
2-2: Fielders Choice at 2nd, 1-6 (Groundball, 23, EV 86.2 MPH)
Batting: LHB Sébastien Cornu 0-0: Ball
Takeshi Kovacs is caught stealing 2nd base 2-6
Top of the 8th over - 0 runs, 1 hit, 0 errors, 0 left on base; Thunder Bay 6 - Ft. Worth 6
BOTTOM OF THE 8TH
Ft. Worth Cattlemen batting - Pitching for Thunder Bay Northern Lions BC : RHP Marnix van Rijn
Pitching: LHP Peace Addo
Batting: LHB Count Dante 0-0: Ball
1-0: Ball
2-0: Called Strike
2-1: Swinging Strike
2-2: Ground out 5-3 (Groundball, 5, EV 105.6 MPH)
Batting: RHB Tsuneari Hirano 0-0: Ball
1-0: Ball
2-0: Swinging Strike
2-1: SINGLE (Groundball, 6, EV 89.4 MPH) (infield hit)
Batting: RHB Min-gook Ch'oe 0-0: Swinging Strike
0-1: Foul Ball, location: 2F
0-2: Foul Ball, location: 2F
0-2: Ball
1-2: Ball
2-2: Ball
3-2: Base on Balls
Tsuneari Hirano to second
Batting: RHB Jesús Torres 0-0: Hit by Pitch
Tsuneari Hirano to third
Min-gook Ch'oe to second
Batting: RHB Dennis Wacher 0-0: SINGLE (Groundball, 4, EV 90.0 MPH) (infield hit)
Tsuneari Hirano scores
Min-gook Ch'oe to third
Jesús Torres to second
Batting: LHB Semo Hoaloha 0-0: Ball
1-0: Fly out, F8 (Line Drive, 8LM, EV 100.0 MPH)
Runner from 3rd tags up, SCORES, throw by CF
Batting: LHB Craig Woods 0-0: Ball
1-0: Fly out, F8 (Flyball, 8LS, EV 76.2 MPH)
Bottom of the 8th over - 2 runs, 2 hits, 0 errors, 2 left on base; Thunder Bay 6 - Ft. Worth 8
TOP OF THE 9TH
Thunder Bay Northern Lions BC batting - Pitching for Ft. Worth Cattlemen : RHP Tom Scots
Pitching: RHP Jack Buyse
Batting: LHB Sébastien Cornu 0-0: Called Strike
0-1: Called Strike
0-2: Ball
1-2: Ball
2-2: Foul Ball, location: 2F
2-2: Ball
3-2: Foul Ball, location: 2F
3-2: Foul Ball, location: 2F
3-2: DOUBLE (Groundball, 5L, EV 106.2 MPH)
Batting: RHB Charles Josse 0-0: Ball
1-0: Swinging Strike
1-1: Ball
2-1: Ground out 4-3 (Groundball, 4, EV 90.0 MPH)
Sébastien Cornu to third
Batting: LHB Yao-pang Chiang 0-0: Called Strike
0-1: Ball
1-1: Ball
2-1: Ball
3-1: Base on Balls
Batting: LHB Keaton Kringlen 0-0: Ball
1-0: Ball
2-0: Called Strike
2-1: Ball
3-1: Foul Ball, location: 2F
3-2: Base on Balls
Yao-pang Chiang to second
Batting: RHB Curf Pierstisnips 0-0: Foul Ball, location: 2F
0-1: Ball
1-1: Ball
2-1: Grounds into fielders choice 1-2 (Groundball, 13, EV 77.5 MPH)
Yao-pang Chiang to third
Keaton Kringlen to second
Batting: LHB Ramón Padilla 0-0: Fly out, F6 (Flyball, 56D, EV 80.6 MPH)
Top of the 9th over - 0 runs, 1 hit, 0 errors, 3 left on base; Thunder Bay 6 - Ft. Worth 8
Tuesday, January 5th, 2021 - OOTP Baseball 20.8 Build 74